 Dungeon Crawl Stone Soup version 0.20-a0-871-g785f14b (webtiles) character file.

12642 hittemvvvvhard the Cleaver (level 12, -4/94 HPs)
             Began as a Formicid Fighter on Mar 14, 2017.
             Was a Believer of Kikubaaqudgha.
             Killed from afar by a storm dragon (22 damage)
             ... with a bolt of lightning
             ... on level 11 of the Dungeon.
             The game lasted 00:30:48 (12228 turns).

hittemvvvvhard the Cleaver (Formicid Fighter)      Turns: 12228, Time: 00:30:49

Health: -4/94      AC: 15    Str: 31    XL:     12   Next: 22%
Magic:  19/19      EV: 10    Int: 14    God:    Kikubaaqudgha [**....]
Gold:   134        SH: 12    Dex: 13    Spells: 17/20 levels left

rFire    . . .     SeeInvis +   a - +3 battleaxe of Circular Logic {pain, Str+5} (curse)
rCold    . . .     Gourm    .   O - +0 plate armour
rNeg     . . .     Faith    .   c - +0 shield
rPois    .         Spirit   .   (helmet unavailable)
rElec    .         Reflect  .   L - +0 cloak
rCorr    .         Harm     .   x - +0 pair of gloves
MR       +....                  (no boots)
Stlth    ..........             (no amulet)
Regen    0.3/turn               J - +6 ring of intelligence
MPRegen  0.2/turn               j - +3 ring of dexterity

@: no status effects
A: permanent stasis, dig shafts and tunnels, four strong arms, antennae 3
a: Dig, Shaft Self, Receive Corpses, Renounce Religion


You were on level 11 of the Dungeon.
You worshipped Kikubaaqudgha.
Kikubaaqudgha was pleased with you.
You were not hungry.

You visited 2 branches of the dungeon, and saw 12 of its levels.
You also visited: Sewer.

You collected 609 gold pieces.
You spent 475 gold pieces at shops.

Inventory:

Hand Weapons
 a - the cursed +3 battleaxe of Circular Logic (weapon) {pain, Str+5}
   (You bought it in a shop on level 4 of the Dungeon)

   In the hands of one skilled in necromantic magic, it inflicts extra damage on
   living creatures.
   It affects your strength (+5).
   It has a curse placed upon it.
 K - the +8 war axe "X" {distort, rF++ MR- Dex+2 SInv, unknown}
   (You found it on level 9 of the Dungeon)

   It warps and distorts space around it.
   Unwielding it can cause banishment or high damage.
   It affects your dexterity (+2).
   It greatly protects you from fire.
   It affects your resistance to hostile enchantments.
   It lets you see invisible.
Missiles
 b - a throwing net (quivered)
Armour
 c - a +0 shield (worn)
 e - a scarf of cold resistance
 x - a +0 pair of gloves (worn)
 L - a +0 cloak (worn)
 O - a +0 plate armour (worn)
Jewellery
 j - a +3 ring of dexterity (left hand)
 J - a +6 ring of intelligence (right hand)
Wands
 d - a wand of flame (0/48)
 G - a wand of disintegration (0/24)
 M - a wand of flame (12/48)
Scrolls
 g - a scroll of random uselessness {unknown}
 k - 2 scrolls of teleportation {unknown}
 o - 2 scrolls of immolation
 p - 3 scrolls of recharging
 s - 3 scrolls of remove curse
 t - a scroll of fear {unknown}
 v - 4 scrolls of amnesia
 y - 4 scrolls of enchant weapon {unknown}
 A - a scroll of magic mapping {unknown}
 C - a scroll of fog {unknown}
 N - a scroll of enchant armour {unknown}
Potions
 i - 4 potions of flight
 l - a potion of mutation {unknown}
 m - 2 potions of brilliance {unknown}
 n - 6 potions of curing
 q - a potion of lignification {unknown}
 u - a potion of degeneration {unknown}
 B - a potion of cancellation {unknown}
 D - a potion of ambrosia {unknown}
 F - 2 potions of magic {unknown}
Books
 E - Kikubaaqudgha's Almanac of Stolen Souls
   (Kikubaaqudgha gifted it to you on level 9 of the Dungeon)

   Spells                             Type                      Level
   a - Pain                           Necromancy                   1
   b - Corpse Rot                     Necromancy                   2
   c - Sublimation of Blood           Necromancy                   2
   d - Regeneration                   Charms/Necromancy            3
   e - Control Undead                 Necromancy                   4
 H - a book of Maledictions

   Spells                             Type                      Level
   a - Corona                         Hexes                        1
   b - Ensorcelled Hibernation        Hexes/Ice                    2
   c - Confuse                        Hexes                        3
   d - Tukima's Dance                 Hexes                        3
   e - Dazzling Spray                 Conjuration/Hexes            3
Miscellaneous
 I - a lamp of fire (inert)
Comestibles
 f - 5 bread rations
 r - 4 royal jellies
 w - 3 meat rations
 z - 7 fruits
 P - 8 chunks of flesh


   Skills:
 + Level 8.9 Fighting
 * Level 10.9 Axes
 + Level 6.8 Armour
 + Level 5.1 Dodging
 + Level 8.4 Shields
 * Level 4.8 Spellcasting
 + Level 3.7 Charms
 * Level 6.2 Necromancy


You had 17 spell levels left.
You knew the following spells:

 Your Spells              Type           Power        Failure   Level  Hunger
a - Regeneration          Chrm/Necr      ###.......   69%         3    ###....


Dungeon Overview and Level Annotations

Branches:
Dungeon (11/15)            Temple (1/1) D:7
   Lair: D:8-11         Orc: D:9-12

Altars:
Ashenzari
Cheibriados
Dithmenos
Fedhas
Gozag
Hepliaklqana
Kikubaaqudgha
Makhleb
Nemelex Xobeh
Okawaru
Qazlal
Ru
Sif Muna
Trog
Uskayaw
Vehumet
Wu Jian
Xom
Yredelemnul
Zin
The Shining One

Shops:
D:4 (   D:9 *

Annotations:
D:8 2hogre


Innate Abilities, Weirdness & Mutations

You cannot be hasted, slowed, berserked, paralysed or teleported.
You can dig through walls and to a lower floor.
Your four strong arms can wield two-handed weapons with a shield.
You have a pair of large antennae on your head. (SInv)


Message History

You block the storm dragon's attack. x2; The storm dragon barely misses you.
The yaktaur captain hits you but does no damage.
You slash the yaktaur captain!
The yaktaur captain writhes in agony.
The yaktaur captain is moderately wounded.
You barely miss the storm dragon. The storm dragon barely misses you.
You block the storm dragon's attack. The storm dragon tramples you!
You stumble backwards!
The storm dragon closely misses you. The storm dragon barely misses you.
You block the storm dragon's attack.
You slice the yaktaur captain!!
The yaktaur captain is heavily wounded.
You barely miss the storm dragon. The yaktaur captain closely misses you.
The storm dragon breathes lightning at you.
The bolt of lightning hits you!
* * * LOW HITPOINT WARNING * * *
You feel much better. The yaktaur captain hits you!
* * * LOW HITPOINT WARNING * * *
The storm dragon breathes lightning at you.
The bolt of lightning hits you!
You die...
Kikubaaqudgha rasps: "You have failed me!
Welcome... death!"

## ##.....## #.#####.
#...#.......#{ #...#...
#...#...#...#S..#...#...
#.#{#.#.#..###..##..#..#
# ###.#...# #...#...
#...#..... #..###.. {
#...#..c... #(## ##. {
#.cD##.....##..## . {#
###@# =."::##(.(# ..
#.#.#.#.# ##).#..#
#...#...#########.).#...
#...#.....#...#.....#...
## ##....)........##..#
##..#..#..#..## .#
############# ## ..#{
#.. {.... ....


You could see a storm dragon and a yaktaur captain.

Vanquished Creatures
  A centaur warrior (D:11)
  4 two-headed ogres
  A deep troll earth mage (D:11)
  The ghost of Azzok the Cleaver, a novice DDBe of Trog (D:8)
  An orc knight (D:11)
  Pikel (D:6)
  A deep elf mage (D:11)
  A centaur zombie (D:10)
  A freezing wraith (D:11)
  A tengu conjurer (D:11)
  A jumping spider (shapeshifter) (D:11)
  3 trolls
  A hornet (D:9)
  2 hippogriffs
  Eustachio (D:6)
  A vampire mosquito (D:11)
  An ice beast (D:7)
  2 black bears
  An orc warrior (D:10)
  An eye of draining (D:9)
  2 sky beasts
  9 centaurs
  3 ogres
  The ghost of Brouzouf the Slasher, an amateur BaSk (D:3)
  A necrophage (D:10)
  2 big kobolds
  Blork the orc (D:6)
  5 bullfrogs
  A wyvern skeleton (D:8)
  3 scorpions
  7 wights
  2 howler monkeys
  3 crimson imps
  2 jellies
  A bullfrog zombie (D:9)
  7 hounds
  5 orc priests
  2 bullfrog skeletons
  14 orc wizards
  4 iguanas
  Natasha (thrice) (D:4)
  6 worker ants
  4 hound skeletons
  2 worker ant zombies
  7 gnolls
  10 adders
  2 river rats (Sewer)
  An ooze (D:3)
  An adder skeleton (D:6)
  An adder zombie (D:6)
  5 worms
  10 leopard geckos
  32 orcs
  10 giant cockroaches
  13 goblins
  7 hobgoblins
  4 jackals
  5 quokkas
  A ball python (D:9)
  7 bats
  3 frilled lizards
  14 kobolds
  A quokka zombie (D:6)
  7 rats
258 creatures vanquished.

Vanquished Creatures (others)
  An orc priest (D:6)
  An orc (D:6)
2 creatures vanquished.

Grand Total: 260 creatures vanquished

Notes
Turn   | Place    | Note
-------+----------+-------------------------------------------
     0 | D:1      | hittemvvvvhard the Formicid Fighter began the quest for the Orb.
     0 | D:1      | Reached XP level 1. HP: 18/18 MP: 1/1
   263 | D:1      | Reached XP level 2. HP: 21/24 MP: 2/2
   734 | D:2      | Reached XP level 3. HP: 26/30 MP: 3/3
   805 | D:2      | Found a sparkling altar of Nemelex Xobeh.
   976 | D:2      | Reached skill level 3 in Axes
  1366 | D:2      | Reached XP level 4. HP: 31/37 MP: 4/4
  1718 | D:3      | Found a glowing drain.
  1789 | Sewer    | Entered a sewer
  1987 | Sewer    | Noticed a big kobold
  2002 | Sewer    | Killed a big kobold
  2002 | Sewer    | Reached skill level 4 in Axes
  2002 | Sewer    | Reached XP level 5. HP: 36/43 MP: 5/5
  2069 | Sewer    | Found a white marble altar of Elyvilon.
  2179 | D:3      | Reached XP level 6. HP: 34/49 MP: 6/6
  2299 | D:3      | Reached skill level 5 in Axes
  2330 | D:3      | Reached skill level 5 in Fighting
  2799 | D:3      | Noticed Brouzouf's ghost (amateur BaSk)
  2854 | D:3      | Killed Brouzouf's ghost
  3266 | D:4      | Found Wuwud's Antique Weapon Boutique.
  3280 | D:4      | Reached XP level 7. HP: 45/56 MP: 7/7
  3348 | D:4      | Noticed Natasha
  3355 | D:4      | Reached skill level 6 in Axes
  3558 | D:4      | Killed Natasha
  3757 | D:4      | Found a hide-covered altar of Uskayaw.
  3836 | D:4      | Noticed Natasha
  3842 | D:4      | Killed Natasha
  3882 | D:4      | Noticed Natasha
  3895 | D:4      | Killed Natasha
  3915 | D:5      | Entered Level 5 of the Dungeon
  4023 | D:5      | Reached skill level 7 in Axes
  4023 | D:5      | Reached XP level 8. HP: 54/64 MP: 8/8
  4658 | D:5      | Reached skill level 5 in Shields
  5175 | D:5      | Reached skill level 1 in Dodging
  5427 | D:6      | Noticed Eustachio
  5427 | D:6      | Noticed Blork the orc
  5444 | D:6      | Killed Blork the orc
  5752 | D:6      | Killed Eustachio
  5752 | D:6      | Reached skill level 8 in Axes
  5752 | D:6      | Reached XP level 9. HP: 57/71 MP: 9/9
  5889 | D:6      | Noticed Pikel
  5935 | D:6      | Killed Pikel
  6204 | D:6      | Found a stormy altar of Qazlal.
  6589 | D:4      | Bought a brightly glowing battleaxe for 345 gold pieces
  6590 | D:4      | Identified the cursed +3 battleaxe of Circular Logic {pain, Str+5} (You bought it in a shop on level 4 of the Dungeon)
  6718 | D:7      | Found an iron altar of Okawaru.
  6719 | D:7      | Found a bloodstained altar of Trog.
  6735 | D:7      | Found a staircase to the Ecumenical Temple.
  6744 | Temple   | Entered the Ecumenical Temple
  7046 | Temple   | Became a worshipper of Kikubaaqudgha
  7160 | D:7      | Found a stormy altar of Qazlal.
  7345 | D:7      | Found a shimmering altar of Xom.
  7350 | D:7      | Reached skill level 9 in Axes
  7492 | D:7      | Reached skill level 1 in Necromancy
  7606 | D:7      | Found a burning altar of Makhleb.
  7643 | D:7      | Found a snail-covered altar of Cheibriados.
  7804 | D:8      | Noticed Azzok's ghost (novice DDBe)
  8059 | D:8      | Reached skill level 5 in Armour
  8091 | D:8      | Noticed a hippogriff
  8093 | D:8      | Found a blossoming altar of Fedhas.
  8094 | D:8      | Found a radiant altar of Vehumet.
  8098 | D:8      | Reached XP level 10. HP: 79/79 MP: 10/10
  8102 | D:8      | Noticed a two-headed ogre
  8391 | D:8      | Killed Azzok's ghost
  8727 | D:9      | Found a bloodstained altar of Trog.
  8747 | D:9      | Reached * piety under Kikubaaqudgha
  8747 | D:9      | Identified Kikubaaqudgha's Almanac of Stolen Souls (Kikubaaqudgha gifted it to you on level 9 of the Dungeon)
  8747 | D:9      | Received a gift from Kikubaaqudgha
  8764 | D:9      | Learned a level 3 spell: Regeneration
  8829 | D:9      | Found Xoettow's Assorted Antiques.
  8841 | D:9      | Bought a gilded ring for 130 gold pieces
  8929 | D:9      | Reached skill level 1 in Charms
  9154 | D:9      | Reached skill level 1 in Spellcasting
  9299 | D:9      | Got a steaming war axe
  9667 | D:9      | Found a glowing silver altar of Zin.
  9668 | D:9      | Found an opulent altar of Gozag.
  9771 | D:9      | Found a sacrificial altar of Ru.
  9834 | D:9      | Reached skill level 10 in Axes
  9940 | D:10     | Entered Level 10 of the Dungeon
  9946 | D:10     | Noticed a two-headed ogre
  9953 | D:10     | Killed a two-headed ogre
  9953 | D:10     | Reached XP level 11. HP: 79/87 MP: 12/14
  9998 | D:10     | Noticed a two-headed ogre
 10009 | D:10     | Killed a two-headed ogre
 10441 | D:10     | Reached skill level 5 in Necromancy
 10456 | D:10     | Noticed a two-headed ogre
 10462 | D:10     | Killed a two-headed ogre
 10546 | D:10     | Reached ** piety under Kikubaaqudgha
 11287 | D:11     | Noticed a two-headed ogre
 11298 | D:11     | Killed a two-headed ogre
 11901 | D:11     | Noticed a deep elf mage
 11910 | D:11     | Killed a deep elf mage
 11926 | D:11     | Reached XP level 12. HP: 74/94 MP: 18/18
 12040 | D:11     | Noticed a centaur warrior
 12049 | D:11     | Killed a centaur warrior
 12049 | D:11     | Reached skill level 5 in Dodging
 12093 | D:11     | Noticed a deep troll earth mage
 12103 | D:11     | Killed a deep troll earth mage
 12211 | D:11     | Noticed an unseen horror
 12213 | D:11     | Noticed a storm dragon
 12213 | D:11     | Noticed a yaktaur captain
 12228 | D:11     | Killed from afar by a storm dragon

Vault maps used:
D:1:      nicolae_arrival_washed_ashore
D:2:      nicolae_overflow_crystal_walls, minmay_fountain_box
D:3:      portal_sewer_entry_f
D:4:      kennysheep_little_box, first_bread, serial_shops, shop, uniq_natasha
D:6:      nicolae_qazlal_general_emergency, uniq_pikel, uniq_eustachio,
          uniq_blork_the_orc
D:7:      nicolae_overflow_hidden_temple, lemuel_crystal_altar,
          marbit_many_paths, minmay_temple_entry_mist, basic_altar
D:8:      grunt_temple_overflow_open, david_lair_shrubbed, grunt_ogre_cave
D:9:      grunt_temple_overflow_gold_and_silver,
          nicolae_ru_great_annihilating_truth, serial_shops, shop,
          trog_three_pillars_becter
D:10:     centaur_isle
D:11:     minmay_tile_spiral, hangedman_misty_isle
Temple:   compressed_dpeg_triangle_lava_temple
Sewer:    sewer_kobolds

Skill      XL: |  1  2  3  4  5  6  7  8  9 10 11 12 |
---------------+-------------------------------------+-----
Axes           | 3 4 5 7 8 9 10 | 10.9
Fighting       | 4 5 6 7 8 |  8.9
Shields        | 5 6 7 8 |  8.4
Dodging        | 1 3 4 5 |  5.1
Armour         | 5 6 |  6.8
Necromancy     | 1 4 5 6 |  6.2
Charms         | 2 3 |  3.7
Spellcasting   | 2 4 |  4.8

Action                   |  1- 3 |  4- 6 |  7- 9 | 10-12 || total
-------------------------+-------+-------+-------+-------++-------
Melee: War axe           |   103 |   173 |   308 |       ||   584
       Battleaxe         |       |       |    49 |   289 ||   338
Evoke: Wand              |       |       |       |     6 ||     6
       Lamp of fire      |       |       |       |     1 ||     1
  Use: Scroll            |       |     4 |     3 |       ||     7
       Potion            |       |       |     1 |     8 ||     9
 Stab: Paralysed         |       |       |       |     1 ||     1
  Eat: Chunk             |     2 |     6 |    11 |     8 ||    27
       Meat ration       |       |       |     1 |     1 ||     2
Armor: Scale mail        |    71 |    43 |    31 |       ||   145
       Chain mail        |       |       |   135 |    82 ||   217
       Plate armour      |       |       |       |    45 ||    45
Dodge: Dodged            |    35 |    43 |    89 |   136 ||   303
Block: Shield            |    55 |    76 |   206 |   226 ||   563
